Map: Tokamak LE

Players

ManlyManMeat - Winner!

  • Race: Zerg Zerg
  • League: Diamond
  • Spawn Location: 1:00

VOD

Have the link to the VOD?

Description

Time

  • Played on: June 22, 2025, 2:36 p.m.
  • Length: 9:30
Show
View Real Time Build Order
Export as new Build Order

ManlyManMeat Zerg - Winner!

Build Orders:  

Get SALT Encoding   

  12  0:00  Drone  
  13  0:11  Drone  
  14  0:25  Drone, Extractor  
  15  0:30  Overlord  
  15  1:04  Drone  
  15  1:09  Hatchery  
  15  1:11  Drone  
  15  1:15  Drone  
  17  1:22  Drone  
  18  1:42  Spawning Pool  
  18  1:45  Extractor  
  18  1:48  Drone  
  17  1:54  Drone  
  18  2:06  Drone  
  19  2:34  Drone  
  20  2:48  Queen  
  22  2:50  Queen  
  22  2:51  Zergling x4  
  22  2:58  Overlord  
  26  3:10  Drone x2  
  28  3:29  Drone  
  29  3:30  Drone  
  30  3:47  Drone x2  
  32  3:52  Drone x2  
  34  4:03  Hatchery  
  33  4:10  Overlord  
  33  4:16  Drone  
  33  4:19  Metabolic Boost  
  34  4:26  Drone x2  
  36  4:30  Overlord  
  36  4:35  Queen  
  36  4:38  Drone  
  39  4:41  Drone  
  39  4:43  Drone  
  39  4:47  Drone  
  42  4:50  Drone  
  42  4:51  Drone  
  42  4:58  Overlord  
  44  5:03  Overlord  
  44  5:14  Extractor  
  44  5:17  Drone x2  
  44  5:18  Drone, Baneling Nest  
  45  5:22  Extractor  
  45  5:23  Drone x2  
  45  5:25  Drone  
  47  5:40  Drone x4  
  47  5:44  Drone x2  
  53  5:59  Queen  
  55  6:06  Queen  
  55  6:09  Lair  
  57  6:21  Zergling x12  
  63  6:31  Drone  
  63  6:32  Drone x2  
  66  6:41  Overlord  
  66  6:42  Overlord x2  
  66  6:44  Drone  
  66  6:45  Drone x2  
  69  7:10  Zergling x12  
  69  7:11  Zergling x12  
  81  7:33  Evolution Chamber  
  81  7:34  Overlord x2, Evolution Chamber  
  81  7:38  Drone  
  81  7:39  Drone x2, Hatchery  
  81  7:50  Baneling x7  
  81  7:51  Baneling x2  
  81  7:57  Baneling  
  81  7:58  Baneling x6  
  81  8:02  Drone x2  
  81  8:03  Drone  
  84  8:20  Zergling x18  
  84  8:28  Baneling  
  84  8:29  Baneling x3  
  93  8:31  Zergling x2  
  93  8:32  Zergling x8  
  98  8:43  Overlord x3  
Tags
 
League
Diamond
Matchup
Co-op
Replay Pack
Myownreplay2
Add a new tag
Caveats
  • Supply blocks, unpowered buildings, or Contaminate may cause inaccurate times.
  • Supply counts are checked every 10 seconds.